 Dungeon Crawl Stone Soup version 0.25-a0-413-g3b4b6a4ccc (webtiles) character file.

Game seed: 9035771824554699806, levelgen mode: deterministic

5 MrRokkomies the Ducker (level 1, -8/11 HPs)
             Began as a Spriggan Abyssal Knight on Jan 17, 2020.
             Was a Follower of Lugonu.
             Mangled by a sixfirhy (13 damage)
             ... on level 1 of the Abyss.
             The game lasted 00:00:26 (243 turns).

MrRokkomies the Ducker (Spriggan Abyssal Knight)     Turns: 243, Time: 00:00:26

Health: -8/11      AC:  2    Str:  8    XL:     1   Next: 66%
Magic:  3/3        EV: 19    Int: 13    God:    Lugonu [*.....]
Gold:   11         SH:  0    Dex: 15    Spells: 0/0 levels left

rFire    . . .     SeeInvis +   a - +1 short sword
rCold    . . .     Gourm    .   (shield restricted)
rNeg     . . .     Faith    .   b - +0 robe
rPois    .         Spirit   .   (helmet restricted)
rElec    .         Reflect  .   (no cloak)
rCorr    .         Harm     .   (gloves unavailable)
MR       .....     Rnd*Rage +   (boots unavailable)
Stlth    +.........             (no amulet)
HPRegen  0.03/turn              (no ring)
MPRegen  0.08/turn              (no ring)

@: very quick
A: very small, unfitting armour, see invisible, berserk 1, herbivore, speed 3,
slow metabolism 2
a: Depart the Abyss, Renounce Religion


You were on level 1 of the Abyss.
You worshipped Lugonu.
Lugonu was aware of your devotion.
You were not hungry.

You visited 0 branches of the dungeon, and saw 0 of its levels.
You visited the Abyss 1 time.

You collected 11 gold pieces.

Inventory:

Hand Weapons
 a - a +1 short sword (weapon)
Armour
 b - a +0 robe (worn)
Comestibles
 c - 2 rations


   Skills:
 + Level 2.6 Fighting
 + Level 2.3 Short Blades
 + Level 3.6 Dodging
 + Level 1.8 Invocations


You couldn't memorise any spells.
You didn't know any spells.
Your spell library was empty.

Dungeon Overview and Level Annotations

Branches:
Dungeon (0/15)

Altars:


Innate Abilities, Weirdness & Mutations

You are very small and have problems with some larger weapons.
You are too small for most types of armour.
You have supernaturally acute eyesight. (SInv)
You are a herbivore.
You cover ground extremely quickly.
You need to consume almost no food.
You tend to lose your temper in combat.


Message History

The neqoxec gestures at you.
Strange energies course through your body.
You feel a little pissed off.
Found a scroll labeled FAAHUEJIHI.
A vampire mage comes into view.
Found a ration.
Found a runed scarf.
Found a short sword.
A thrashing horror comes into view.
Found a club.
The thrashing horror roars!
You hear a bark!
A raiju comes into view.
A shadow comes into view.
A sixfirhy comes into view.
The thrashing horror misses you.
The thrashing horror closely misses you.
The thrashing horror roars!
The sixfirhy hits you!
Ouch! That really hurt!
You die...

.............. ##.
.Wh........... #..§
.....)...... ....§
.......... . #....§
#......# ...
#.....##......##....
#.....x......)......
#........X.@3......
#...#..###.....##..
.#.....#...........
§...##4§.#..#..#.#.
#..#.#..##...##.....
## #..#4#.#...#.#..#
#.............##..
#..%# ......... ..
#.#...#.#..#...


You could see an orange demon, a thrashing horror, a sixfirhy, a raiju, a small
abomination and a shadow.

Vanquished Creatures
  An ufetubus (Abyss:1)
1 creature vanquished.

Notes
Turn   | Place    | Note
-------+----------+-------------------------------------------
     0 | Abyss:1  | MrRokkomies the Spriggan Abyssal Knight began the quest for
                  | the Orb.
     0 | Abyss:1  | Reached XP level 1. HP: 11/11 MP: 3/3
     3 | Abyss:1  | Found a corrupted altar of Lugonu.
    18 | Abyss:1  | Found an opulent altar of Gozag.
   123 | Abyss:1  | Found a corrupted altar of Lugonu.
   149 | Abyss:1  | Found a burning altar of Makhleb.
   213 | Abyss:1  | Noticed a neqoxec
   213 | Abyss:1  | Gained mutation: You tend to lose your temper in combat. [a
                  | neqoxec]
   218 | Abyss:1  | Noticed a vampire mage
   227 | Abyss:1  | Noticed an orange demon
   235 | Abyss:1  | Noticed a small abomination
   236 | Abyss:1  | Noticed a thrashing horror
   240 | Abyss:1  | Noticed a raiju
   241 | Abyss:1  | Noticed a shadow
   242 | Abyss:1  | Noticed a sixfirhy
   243 | Abyss:1  | Mangled by a sixfirhy

Levels and vault maps discovered:
Abyss:1:  evilmike_abyss_exit_mutagenic

Action                   || total
-------------------------++-------
Melee: Short sword       ||     5
Dodge: Dodged            ||    10

Table legend:
 A = Non-vault XP
 B = Vault XP
 C = Vault XP percentage of total XP
 D = Non-vault monster count
 E = Vault monster count
 F = Vault count percentage of total count
                 A         B        C        D         E       F
            +---------+---------+-------+---------+---------+-------
      Total |       8 |       0 |   0.0 |       1 |       0 |   0.0
            +---------+---------+-------+---------+---------+-------
    Abyss:1 |       8 |       0 |   0.0 |       1 |       0 |   0.0
            +---------+---------+-------+---------+---------+-------
